 Dungeon Crawl Stone Soup version 0.24-a0-420-g24607be9ce (webtiles) character file.

Game seed: 10358855990564317437

261 vurker the Chopper (level 5, -10/42 HPs)
             Began as a Demonspawn Gladiator on June 11, 2019.
             Was an Initiate of Qazlal.
             Killed from afar by Dowan (18 damage)
             ... with a stone arrow
             ... on level 4 of the Dungeon.
             The game lasted 00:09:20 (3356 turns).

vurker the Chopper (Demonspawn Gladiator)           Turns: 3356, Time: 00:09:20

Health: -10/42     AC: 13    Str: 15    XL:     5   Next: 96%
Magic:  6/6        EV:  7    Int: 13    God:    Qazlal [......]
Gold:   92         SH:  0    Dex: 15    Spells: 4/4 levels left

rFire    . . .     SeeInvis .   a - +1 war axe
rCold    . . .     Gourm    .   (no shield)
rNeg     . . .     Faith    .   i - +0 chain mail
rPois    .         Spirit   .   c - +1 helmet
rElec    .         Reflect  .   (no cloak)
rCorr    .         Harm     .   (no gloves)
MR       .....                  (no boots)
Stlth    ..........             (no amulet)
HPRegen  0.14/turn              o - +4 ring of intelligence
MPRegen  0.10/turn              (no ring)

@: confused
A: talons 2, slimy green scales 2
a: Renounce Religion


You were on level 4 of the Dungeon.
You worshipped Qazlal.
Qazlal was noncommittal.
You were very hungry.

You visited 1 branch of the dungeon, and saw 4 of its levels.

You collected 92 gold pieces.

Inventory:

Hand Weapons
 a - a +1 war axe (weapon)
Missiles
 d - 3 throwing nets (quivered) {!f}
Armour
 c - a +1 helmet (worn)
 g - a +0 pair of boots
   (You found it on level 3 of the Dungeon)
 i - a +0 chain mail (worn)
   (You found it on level 1 of the Dungeon)
Jewellery
 o - a +4 ring of intelligence (left hand)
   (You found it on level 2 of the Dungeon)
 u - an uncursed ring of stealth {unknown}
   (You found it on level 2 of the Dungeon)
Scrolls
 l - 2 scrolls of remove curse {@r2}
Potions
 b - 2 potions of resistance
 k - a potion of flight {unknown}
 p - a potion of invisibility {unknown}
 q - a potion of agility {unknown}
 t - a potion of might {unknown}
 x - a potion of curing {unknown}
Comestibles
 e - 8 rations {!d}


   Skills:
 + Level 3.6 Fighting
 * Level 5.0 Axes
 - Level 1.7 Throwing
 - Level 2.6 Dodging
 + Level 2.5 Invocations


You had 4 spell levels left.
You didn't know any spells.
Your spell library contained the following spells:

 Spells                   Type           Power        Failure   Level  Hunger
 Magic Dart               Conj           #...         100%        1    ##.....
 Blink                    Tloc           N/A          100%        2    ###....
 Call Imp                 Summ           #.......     100%        2    ###....
 Slow                     Hex            #.......     100%        2    ###....
 Conjure Flame            Conj/Fire      #.......     100%        3    ####...
 Mephitic Cloud           Conj/Pois/Air  #.......     100%        3    ####...


Dungeon Overview and Level Annotations

Branches:
Dungeon (4/15)
 Temple: D:4-7

Altars:
Elyvilon
Kikubaaqudgha
Nemelex Xobeh
Qazlal
Sif Muna
Uskayaw
Vehumet
Xom

Annotations:
D:2 Sigmund
D:4 Dowan


Innate Abilities, Weirdness & Mutations

You have razor-sharp toenails.
You are mostly covered in slimy green scales. (AC +3)


Message History

Things that are here:
a potion of magic; 3 potions of degeneration {!q} You start resting.
You are feeling very hungry.
You climb downwards.
Level annotation: Dowan
There is a stone staircase leading up here.
You see here a stone.
Your chain mail prevents you from hitting Dowan.
Dowan hits you with a +0 dagger of speed.
You slash Dowan! Dowan hits you but does no damage.
Dowan casts a spell.
Dowan blinks!
Dowan says, "Her death will not be in vain!"
Dowan mumbles some strange words.
Dowan blinks!
An orc comes into view. It is wielding a +0 morningstar.
The orc shouts!
An orc comes into view. It is wielding a +0 club.
Things that are here:
16 stones; a +3 hunting sling Dowan casts a spell.
Dowan seems to speed up.
You slash the orc!
You kill the orc!
Qazlal accepts your kill. The orc hits you but does no damage.
You slash the orc!
You kill the orc!
Qazlal accepts your kill.
An orc comes into view.
The orc shouts!
Dowan hits you but does no damage. Dowan casts a spell at you.
The stone arrow hits you!
Things that are here:
a +0 club; an orc corpse You slash Dowan!
Your kick misses Dowan. Dowan casts a spell at you. The stone arrow hits you!
* * * LOW HITPOINT WARNING * * *
Dowan hits you but does no damage. Dowan gestures at you while chanting.
The stone arrow hits you!
* * * LOW HITPOINT WARNING * * *
You are confused.
You feel invigorated. Dowan gestures at you while chanting.
The stone arrow hits you!!
You die...

.. ##. ..
#.. .# .. ..
.. #.# #.#
.##..#...
.)..#.#
#o....###
##e#.....#
#@)..#
##(.###
##..$#
#<[..#
#[...#
........#.#
........#.#
!......##..
.......#..[#


You could see Dowan and an orc.

Vanquished Creatures
  Duvessa (D:4)
  Robin (D:4)
  3 adders
  3 oozes (D:1)
  2 worms
  2 dart slugs (D:3)
  3 leopard geckos (D:2)
  6 orcs
  7 giant cockroaches
  19 goblins
  9 hobgoblins
  3 jackals (D:3)
  11 bats
  3 frilled lizards
  8 kobolds
  7 rats
88 creatures vanquished.

Notes
Turn   | Place    | Note
-------+----------+-------------------------------------------
     0 | D:1      | vurker the Demonspawn Gladiator began the quest for the
                  | Orb.
     0 | D:1      | Reached XP level 1. HP: 16/16 MP: 1/1
   147 | D:1      | Reached skill level 3 in Axes
   154 | D:1      | Gained mutation: You are partially covered in slimy green
                  | scales. (AC +2) [demonic ancestry]
   154 | D:1      | Reached XP level 2. HP: 17/22 MP: 2/2
   482 | D:1      | Gained mutation: You have sharp toenails. [demonic
                  | ancestry]
   482 | D:1      | Reached XP level 3. HP: 27/28 MP: 3/3
   987 | D:2      | Found a shimmering altar of Xom.
  1160 | D:2      | Found a hide-covered altar of Uskayaw.
  1288 | D:2      | Noticed Sigmund
  1414 | D:2      | Reached skill level 4 in Axes
  1414 | D:2      | Gained mutation: You are mostly covered in slimy green
                  | scales. (AC +3) [demonic ancestry]
  1414 | D:2      | Reached XP level 4. HP: 30/34 MP: 4/4
  1817 | D:2      | Found a deep blue altar of Sif Muna.
  1868 | D:2      | Found a stormy altar of Qazlal.
  1876 | D:2      | Became a worshipper of Qazlal Stormbringer
  1922 | D:3      | Found a white marble altar of Elyvilon.
  2079 | D:3      | Found an ancient bone altar of Kikubaaqudgha.
  2145 | D:3      | Reached skill level 1 in Invocations
  2318 | D:3      | Found a white marble altar of Elyvilon.
  2382 | D:3      | Found a sparkling altar of Nemelex Xobeh.
  2442 | D:3      | Found a radiant altar of Vehumet.
  2766 | D:4      | Noticed Robin
  2858 | D:3      | Gained mutation: You have razor-sharp toenails. [demonic
                  | ancestry]
  2858 | D:3      | Reached XP level 5. HP: 30/41 MP: 6/6
  2947 | D:4      | Killed Robin
  2956 | D:4      | Noticed Duvessa
  2957 | D:4      | Noticed Dowan
  3177 | D:4      | Killed Duvessa
  3177 | D:4      | Reached skill level 5 in Axes
  3356 | D:4      | Killed from afar by Dowan

Levels and vault maps discovered:
D:1:      saegor_arrival_miasma, layout_loops_ring, minmay_3d_cube
D:2:      minmay_alternating_diamond, layout_loops_cross, led_sif_pool,
          nicolae_overflow_crystal_walls, marbit_many_paths,
          eat_drink_and_be_merry_uskayaw, uniq_sigmund
D:3:      layout_loops_ring, old_standard_altar, lemuel_round_altar,
          nemelex_xobeh_ov_fountains_minmay, old_standard_altar, first_ration,
          elyvilon_altar_1
D:4:      cheibrodos_barr_body, layout_rooms, uniq_duvessa, uniq_robin

Skill      XL: |  1  2  3  4  5 |
---------------+----------------+-----
Axes           | 3 4 5 |  5.0
Fighting       | 3 |  3.6
Invocations    | 1 2 |  2.5
Throwing       | |  1.7
Dodging        | |  2.6

Action                   |  1- 3 |  4- 6 || total
-------------------------+-------+-------++-------
Melee: War axe           |    99 |   131 ||   230
       Kick              |    10 |    34 ||    44
  Use: Scroll            |       |    10 ||    10
       Potion            |       |     1 ||     1
  Eat: Chunk             |     2 |     5 ||     7
Armor: Leather armour    |     5 |       ||     5
       Chain mail        |    55 |   129 ||   184
Dodge: Dodged            |    48 |    63 ||   111

Table legend:
 A = Non-vault XP
 B = Vault XP
 C = Vault XP percentage of total XP
 D = Non-vault monster count
 E = Vault monster count
 F = Vault count percentage of total count
                 A         B        C        D         E       F
            +---------+---------+-------+---------+---------+-------
      Total |     184 |     189 |  50.7 |      69 |      19 |  21.6
            +---------+---------+-------+---------+---------+-------
        D:1 |      53 |       7 |  11.7 |      23 |       5 |  17.9
        D:2 |      45 |       2 |   4.3 |      18 |       2 |  10.0
        D:3 |      80 |      16 |  16.7 |      26 |       8 |  23.5
        D:4 |       6 |     164 |  96.5 |       2 |       4 |  66.7
            +---------+---------+-------+---------+---------+-------
